 Dungeon Crawl Stone Soup version 0.20.0-8-g6b59dc7 (webtiles) character file.

394 MTVSty1e the Ruffian (level 6, 0/51 HPs)
             Began as a Draconian Transmuter on May 30, 2017.
             Slain by an iguana (5 damage)
             ... on level 5 of the Dungeon.
             The game lasted 00:15:31 (5657 turns).

MTVSty1e the Ruffian (Draconian Transmuter)         Turns: 5657, Time: 00:15:31

Health: 0/51       AC:  7    Str: 13    XL:     6   Next: 52%
Magic:  9/9        EV: 12    Int: 14    God:
Gold:   129        SH:  0    Dex: 12    Spells: 2/10 levels left

rFire    . . .     SeeInvis .     - Unarmed
rCold    . . .     Gourm    .   (no shield)
rNeg     . . .     Faith    .   (armour unavailable)
rPois    +         Spirit   .   (helmet restricted)
rElec    .         Reflect  .   (no cloak)
rCorr    .         Harm     .   h - +0 pair of gloves
MR       .....                  (no boots)
Stlth    +.........             (no amulet)
Regen    0.2/turn               j - ring of poison resistance
MPRegen  0.2/turn               (no ring)

@: starving
A: unfitting armour, cold-blooded, AC +6
a: no special abilities


You were on level 5 of the Dungeon.
You were starving.

You visited 1 branch of the dungeon, and saw 5 of its levels.

You collected 129 gold pieces.

Inventory:

Missiles
 a - 27 arrows
Armour
 h - a +0 pair of gloves (worn)
Jewellery
 j - a ring of poison resistance (left hand)
Scrolls
 d - 2 scrolls of remove curse
 n - a scroll of magic mapping
Potions
 c - a potion of brilliance {unknown}
 e - a potion of flight {unknown}
 g - 2 potions of curing
 i - 2 potions of invisibility {unknown}
 k - a potion of heal wounds {unknown}
 o - a potion of lignification {unknown}
 p - a potion of cancellation {unknown}
Books
 b - a book of Changes

   Spells                             Type                      Level
   a - Beastly Appendage              Transmutation                1
   b - Sticks to Snakes               Transmutation                2
   c - Spider Form                    Transmutation/Poison         3
   d - Ice Form                       Ice/Transmutation            4
   e - Blade Hands                    Transmutation                5


   Skills:
 * Level 3.4 Fighting
 + Level 2.4 Dodging
 + Level 5.1 Unarmed Combat
 + Level 2.6 Spellcasting
 * Level 3.7 Transmutations


You had 2 spell levels left.
You knew the following spells:

 Your Spells              Type           Power        Failure   Level  Hunger
a - Beastly Appendage     Tmut           ##....       4%          1    #......
b - Sticks to Snakes      Tmut           ##......     7%          2    ###....
c - Blade Hands           Tmut           ##........   78%         5    ######.


Dungeon Overview and Level Annotations

Branches:
Dungeon (5/15)
 Temple: D:4-7

Altars:
Cheibriados
Nemelex Xobeh
Ru
Sif Muna
Vehumet
Xom
Yredelemnul

Annotations:
D:2 1 runed door
D:3 Pikel
D:4 Edmund


Innate Abilities, Weirdness & Mutations

Your plain brown scales are hard. (AC +6)
You cannot fit into any form of body armour.
You are cold-blooded and may be slowed by cold attacks.


Message History

You don't have the energy to cast that spell.
You closely miss the hound.
The hound is almost dead.
The iguana hisses menacingly.
The iguana bites you! The hound bites you.
You barely miss the hound.
The hound is almost dead.
The hound barely misses you. The iguana bites you.
* * * LOW HITPOINT WARNING * * *
You closely miss the hound.
The hound is almost dead.
The hound barely misses you. The iguana bites you.
* * * LOW HITPOINT WARNING * * *
The hound bites you but does no damage.
You hit the hound.
You kill the hound!
The iguana bites you.
* * * LOW HITPOINT WARNING * * *
The iguana bites you.
You die...

.. #.. #.. #.#
# .#####.# .#
#".....##.# .
......<...#...#
#l@.....%.
#<###..... #.#
#.# #.# #.# #.#
..# ..# ..#


You could see an iguana.

Vanquished Creatures
  2 slaves (D:3)
  An ogre (D:4)
  A hound (D:5)
  A centaur zombie (D:4)
  An orc wizard (D:3)
  2 worker ants
  Terence (D:3)
  6 adders (D:2)
  2 oozes
  4 worms
  2 dart slugs
  3 leopard geckos
  4 orcs (D:3)
  6 bats
  4 giant cockroaches
  12 goblins
  9 hobgoblins
  7 jackals
  2 quokkas (D:3)
  3 frilled lizards (D:1)
  A jackal skeleton (D:4)
  6 kobolds
  5 rats
85 creatures vanquished.

Vanquished Creatures (collateral kills)
  2 slaves
  A hobgoblin (D:1)
  A bat (D:1)
  A rat (D:1)
5 creatures vanquished.

Grand Total: 90 creatures vanquished

Notes
Turn   | Place    | Note
-------+----------+-------------------------------------------
     0 | D:1      | MTVSty1e the Draconian Transmuter began the quest for the Orb.
     0 | D:1      | Reached XP level 1. HP: 16/16 MP: 3/3
   361 | D:1      | Reached XP level 2. HP: 9/23 MP: 1/5
   365 | D:1      | Learned a level 2 spell: Sticks to Snakes
   592 | D:1      | Reached skill level 4 in Unarmed Combat
   944 | D:1      | Reached XP level 3. HP: 28/28 MP: 4/6
  2175 | D:2      | Reached XP level 4. HP: 33/35 MP: 5/7
  2563 | D:2      | Found a radiant altar of Vehumet.
  2565 | D:2      | Found a basalt altar of Yredelemnul.
  2565 | D:2      | Found a radiant altar of Vehumet.
  2568 | D:2      | Found a deep blue altar of Sif Muna.
  2568 | D:2      | Found a burning altar of Makhleb.
  2568 | D:2      | Found a shimmering altar of Xom.
  2673 | D:2      | Noticed a human
  2675 | D:2      | Found a runed door.
  2679 | D:2      | Found a basalt altar of Yredelemnul.
  2995 | D:3      | Reached XP level 5. HP: 41/41 MP: 6/8
  3033 | D:3      | Noticed Terence
  3034 | D:3      | Learned a level 5 spell: Blade Hands
  3078 | D:3      | Killed Terence
  3397 | D:3      | Reached skill level 5 in Unarmed Combat
  3743 | D:3      | Found a sacrificial altar of Ru.
  3800 | D:4      | Noticed Pikel
  3800 | D:4      | Noticed a slave
  3800 | D:4      | Noticed a slave
  3800 | D:4      | Noticed a slave
  3800 | D:4      | Noticed a slave
  4601 | D:2      | Killed a slave
  4829 | D:3      | Killed a slave
  5033 | D:3      | Killed a slave
  5254 | D:3      | Killed a slave
  5351 | D:4      | Found a sparkling altar of Nemelex Xobeh.
  5363 | D:4      | Found a snail-covered altar of Cheibriados.
  5379 | D:4      | Reached XP level 6. HP: 23/51 MP: 9/9
  5531 | D:4      | Noticed Edmund
  5646 | D:5      | Entered Level 5 of the Dungeon
  5657 | D:5      | Slain by an iguana

Skill      XL: |  1  2  3  4  5 |
---------------+----------------+-----
Unarmed Combat | 4 5 |  5.1
Dodging        | 2 |  2.4
Fighting       | 2 3 |  3.4
Transmutations | 3 |  3.7
Spellcasting   | |  2.6

Action                   |  1- 3 |  4- 6 || total
-------------------------+-------+-------++-------
Melee: Unarmed           |   114 |   261 ||   375
       Kick              |    11 |    29 ||    40
       Tailslap          |    10 |    34 ||    44
       Headbutt          |     2 |    23 ||    25
       Punch             |     1 |     7 ||     8
 Cast: Beastly Appendage |    21 |    35 ||    56
       Sticks to Snakes  |     5 |    22 ||    27
  Use: Scroll            |       |     7 ||     7
 Stab: Distracted        |       |     3 ||     3
  Eat: Bread ration      |     1 |     2 ||     3
       Chunk             |     1 |       ||     1
       Royal jelly       |       |     1 ||     1
Armor: Skin              |    30 |    62 ||    92
Dodge: Dodged            |    77 |   185 ||   262
